 Dungeon Crawl Stone Soup version 0.20.1-1-g8b1a95d (webtiles) character file.

11 Lanoc the Grasshopper (level 2, 0/12 HPs)
             Began as a Felid Wanderer on Dec 11, 2017.
             Slain by a leopard gecko (3 damage)
             ... on level 1 of the Dungeon.
             The game lasted 00:02:57 (569 turns).

Lanoc the Grasshopper (Felid Wanderer)               Turns: 569, Time: 00:02:57

Health: 0/12       AC:  1    Str:  8    XL:     2   Next: 17%
Magic:  4/4        EV: 16    Int: 14    God:
Gold:   0          SH:  0    Dex: 14    Spells: 1/1 levels left
                                        Lives:  0   Deaths: 0

rFire    . . .     SeeInvis +     - Unarmed
rCold    . . .     Gourm    .   (shield unavailable)
rNeg     . . .     Faith    .   (armour unavailable)
rPois    .         Spirit   .   (helmet unavailable)
rElec    .         Reflect  .   (cloak unavailable)
rCorr    .         Harm     .   (gloves unavailable)
MR       .....                  (boots unavailable)
Stlth    ++........             (no amulet)
Regen    0.1/turn               (no ring)
MPRegen  0.1/turn               (no ring)

@: quick
A: no armour, no weapons or thrown items, stealth, claws 1, fangs 3, see
invisible, carnivore 3, speed 1, shaggy fur 1, slow metabolism 1, sharp paws
a: no special abilities


You were on level 1 of the Dungeon.
You were completely stuffed.

You visited 1 branch of the dungeon, and saw 1 of its levels.

Inventory:

Scrolls
 b - a scroll of fear
Potions
 a - a potion of haste
 c - a potion of lignification
 d - a potion of curing
 e - a potion of agility {unknown}
Comestibles
 f - 2 meat rations
 g - 4 chunks of flesh


   Skills:
 + Level 1.4 Fighting
 + Level 1.0 Dodging
 + Level 2.1 Stealth
 + Level 3.1 Unarmed Combat
   Level 4.4 Translocations
   Level 2.1 Evocations


You had one spell level left.
You didn't know any spells.

Dungeon Overview and Level Annotations

Branches:
Dungeon (1/15)

Altars:


Innate Abilities, Weirdness & Mutations

You cannot wear armour.
You are incapable of wielding weapons or throwing items.
Your paws allow you to move quietly. (Stealth)
You have sharp claws.
You have razor-sharp teeth.
You have supernaturally acute eyesight. (SInv)
You are carnivorous and can eat meat at any time.
You cover ground quickly.
You are covered in fur. (AC +1)
You have a slow metabolism.
Your sharp claws are effective at attacking unaware monsters.


Message History

The leopard gecko completely misses you.
Welcome back, Lanoc the Felid Wanderer.
Press ? for a list of commands and other information.
You miss the leopard gecko. You bite the leopard gecko.
The leopard gecko is lightly wounded.
The leopard gecko bites you.
You scratch the leopard gecko but do no damage.
The leopard gecko is lightly wounded.
The leopard gecko barely misses you.
You scratch the leopard gecko but do no damage.
The leopard gecko is lightly wounded.
The leopard gecko completely misses you.
You barely miss the leopard gecko.
The leopard gecko is lightly wounded.
The leopard gecko bites you.
* * * LOW HITPOINT WARNING * * *
You scratch the leopard gecko.
The leopard gecko is almost dead.
The leopard gecko bites you.
You die...

##########.........#..
#.......#####..#.#
#.#####.......+#.# .#
#.#####....# #####.##
#......(...# #.. ........
#.#####....#....
.#.#.#.#.##...............
..........................
.#.#.#.#.......l@...#...[.
.............(............
.#.#.#.#.............#+##+
...................#.#
.#.#.#.#.###########.#
..........##### .#
.....###.รท#...# .....#
##.#...###### # .(...#
#.#........#.#..


You could see a leopard gecko.

Vanquished Creatures
  2 goblins (D:1)
  A hobgoblin (D:1)
  2 jackals (D:1)
  2 bats (D:1)
  2 frilled lizards (D:1)
  A kobold (D:1)
  2 rats (D:1)
12 creatures vanquished.

Notes
Turn   | Place    | Note
-------+----------+-------------------------------------------
     0 | D:1      | Lanoc the Felid Wanderer began the quest for the Orb.
     0 | D:1      | Lanoc set off with: a potion of haste, a scroll of fear, a potion of lignification, a potion of curing, a meat ration
     0 | D:1      | Reached XP level 1. HP: 9/9 MP: 3/3
   401 | D:1      | Reached skill level 1 in Dodging
   449 | D:1      | Reached XP level 2. HP: 10/12 MP: 4/4
   569 | D:1      | Slain by a leopard gecko

Skill      XL: |  1  2 |
---------------+-------+-----
Dodging        | 1 |  1.0
Stealth        | 2 |  2.1
Fighting       | |  1.4
Unarmed Combat | |  3.1
Translocations | |  4.4
Evocations     | |  2.1

Action                   || total
-------------------------++-------
Melee: Unarmed           ||    30
       Bite              ||     2
       Punch             ||     1
 Stab: Sleeping          ||     1
  Eat: Chunk             ||     7
Armor: Skin              ||     2
Dodge: Dodged            ||    21
